[Event "76th Montenegro Championship 2024"]
[Site "Podgorica"]
[Date "2024.02.08"]
[Round "3.15"]
[White "Podlesnik, Bogdan"]
[Black "Abramovic, Dragoljub"]
[Result "1-0"]
[ECO "B00"]
[WhiteElo "2284"]
[BlackElo "2018"]
[Annotator "TA"]
[PlyCount "121"]
[EventDate "2024.02.06"]
[EventType "swiss"]
[EventCountry "MNE"]
[SourceTitle "playchess.com"]
[Source "ChessBase"]
[SourceQuality "1"]
[TimeControl "40/5400+30:1800+30"]

1. e4 Nc6 2. Nc3 Nf6 3. d4 d5 4. e5 Ng8 5. f4 h5 6. Be3 {[%emt 0:03:02] B00: Queen's Fianchetto Defence, Nimzowitsch Defence.} Bf5 7. Bd3 Bg4 $146 ({Predecessor:} 7... Bxd3 8. Qxd3 e6 9. f5 Nb4 10. Qb5+ c6 11. Qe2 exf5 12. Nf3 h4 13. O-O-O Qe7 {0-1 Dubnevych,M (2340)-Shimanov,A (2578) Titled Tuesday intern op 23rd Jan Late blitz 2024 (3)}) 8. Qd2 Nh6 9. h3 Bf5 10. Nf3 e6 11. g3 Qd7 12. O-O-O Bb4 13. a3 Bxc3 14. Qxc3 O-O-O 15. Be2 Be4 16. Rhg1 Bf5 17. Bf1 $1 a6 18. Nd2 Nb8 19. Rh1 b6 20. Be2 Ng8 21. Bf3 Ne7 22. Bf2 Kb7 23. g4 Bg6 24. b3 Rc8 25. Kb2 Rh7 26. Rc1 Rch8 27. Qe3 c6 28. Bg3 a5 29. Qf2 Na6 30. Bg2 Nc7 31. Rhf1 Ra8 32. Bh4 hxg4 33. hxg4 Rhh8 {[%emt 0:00:48] [#]} (33... Ng8 $16 {keeps fighting.}) 34. Bxe7 $1 $18 Qxe7 35. f5 Nb5 36. Ra1 (36. fxg6 $2 Qxa3+ 37. Kb1 Nc3#) 36... exf5 37. gxf5 (37. a4 $6 Nc7 $16) 37... Bh5 38. a4 Nc7 39. Qg3 (39. c4 $142) 39... Be2 40. Rf4 Ba6 41. Rg4 (41. Qxg7 $2 Rag8 $19) 41... b5 $2 (41... Rh5 $16 {was worth a try.}) 42. Rxg7 $18 bxa4 43. Rxa4 Bb5 44. Ra1 Rh5 $2 (44... Be2 {was called for.} 45. f6 Qd7) 45. f6 $18 Qf8 46. Qg4 Rh2 47. Nf3 Rh8 48. Qd7 a4 49. Rxf7 a3+ 50. Ka2 Qb8 51. Ng5 Kb6 52. Qd6 Rh2 53. Rg1 (53. Qc5+ $142 Ka6 54. Kb1 (54. Qxa3+ Kb6 $11) 54... Rxg2 55. Rxa3+ Kb7 56. Ne6 Rxa3 57. Qxa3 (57. Rxc7+ Qxc7 58. Nxc7 Be2 $18) 57... Rg1+ 58. Kb2) 53... Qc8 54. e6 Na6 55. Nf3 Rh5 56. Ne5 (56. Qxa3 $2 {too greedy.} Nb4+ (56... Qxe6 $2 {is the wrong capture.} 57. Qe7 $18) 57. Kb2 Rxa3 58. Kxa3 Nxc2+ (58... Qxe6 $2 59. Kxb4 Qxf7 60. c4 $19) 59. Kb2 Qxe6 $19) 56... Ka5 57. Kxa3 Rg5 58. Kb2 Kb6 59. Nd7+ Kb7 60. Nc5+ Kb6 61. Nxa6 1-0

[Event "76th Montenegro Championship 2024"]
[Site "Podgorica"]
[Date "2024.02.08"]
[Round "3.16"]
[White "Zherebtsova, Alexandra"]
[Black "Vukovic, Krsto"]
[Result "1-0"]
[ECO "A44"]
[WhiteElo "2270"]
[BlackElo "1904"]
[Annotator "TA"]
[PlyCount "39"]
[EventDate "2024.02.06"]
[EventType "swiss"]
[EventCountry "MNE"]
[SourceTitle "playchess.com"]
[Source "ChessBase"]
[SourceQuality "1"]
[TimeControl "40/5400+30:1800+30"]

1. d4 c5 2. d5 e5 3. e4 d6 4. Nc3 f5 5. Bb5+ Bd7 6. exf5 Bxb5 7. Nxb5 Qd7 8. Qh5+ {[%emt 0:02:55] White is clearly better.} Kd8 9. Nc3 b5 (9... Na6 $16) 10. Nf3 $18 Nf6 11. Bg5 Qxf5 (11... Na6 $142 12. Bxf6+ gxf6) 12. Bxf6+ ({Weaker is} 12. Nxb5 Qe4+ 13. Kd1 Qxd5+ 14. Kc1 Qe6 $11) 12... Qxf6 13. Ng5 {[%emt 0:01:13] Black is weak on the light squares} ({Don't take} 13. Nxb5 a6 $18) 13... g6 14. Qg4 {[%emt 0:00:46] [#] Strongly threatening Ne6+.} Na6 $2 (14... Qf5 {was necessary.} 15. Qxf5 gxf5 16. Nf7+ (16. Nxb5 Kd7 $16) 16... Ke7) 15. Ne6+ {[%emt 0:01:59] Excellent horsemanship. White is clearly winning.} Ke7 16. O-O Nb4 17. Qe2 Rb8 18. f4 {[%emt 0:08:12] [#] aiming for fxe5.} Qf5 19. fxe5 Qxe5 20. Qf2 {[%emt 0:01:46] Black got outplayed after the opening.   Weighted Error Value: White=0.07 (flawless) /Black=0.76.  Mistake:       	---       	Black=3      Inaccurate:     	---       	Black=1      OK:         	White=5     	Black=3      Best:        	White=2     	---} 1-0

[Event "76th Montenegro Championship 2024"]
[Site "Podgorica"]
[Date "2024.02.08"]
[Round "3.17"]
[White "Scekic, Veljko"]
[Black "Popovic, Mateja"]
[Result "1/2-1/2"]
[ECO "B73"]
[WhiteElo "2206"]
[BlackElo "1880"]
[Annotator "TA"]
[PlyCount "73"]
[EventDate "2024.02.06"]
[EventType "swiss"]
[EventCountry "MNE"]
[SourceTitle "playchess.com"]
[Source "ChessBase"]
[SourceQuality "1"]
[TimeControl "40/5400+30:1800+30"]

1. e4 c5 2. Nf3 d6 3. d4 cxd4 4. Nxd4 Nc6 5. Nc3 Nf6 6. Be2 g6 7. Be3 Bg7 8. O-O O-O 9. h3 e6 10. Qd2 d5 11. exd5 (11. Rad1 {is interesting.} Nxe4 12. Nxe4 Bxd4 13. Bxd4 dxe4 14. Bc3) 11... Nxd5 12. Nxd5 {[%emt 0:06:23] [#] Threatens to win with Nxc6.} Nxd4 13. Bxd4 Qxd5 14. Rfd1 Rd8 15. c3 e5 16. Be3 Qxd2 17. Bxd2 Be6 {[%emt 0:01:19] Inhibits Bc4.} 18. Bf3 f5 19. Bg5 Rxd1+ 20. Rxd1 e4 ({Of course not} 20... Bxa2 21. Ra1 (21. Bxb7 Rb8 $11) 21... e4 22. Bxe4 $14 (22. Rxa2 exf3 23. gxf3 a5 $11)) 21. Be2 h6 22. Be3 b6 23. a4 g5 24. Rd6 Kf7 25. a5 Ke7 26. Rd1 f4 27. Bd4 {[%emt 0:00:09] The position is equal.} Bxd4 28. Rxd4 bxa5 29. Rxe4 $11 {[%emt 0:00:32][%mdl 4096] Endgame. KRB-KRB} Kf6 30. Ra4 Rb8 31. b4 axb4 32. cxb4 Rb7 33. Ra6 Rxb4 34. Rxa7 Rb6 35. Rh7 Kg6 36. Bd3+ Bf5 37. Bxf5+ {[%emt 0:43:08] Weighted Error Value: White=0.07 (flawless) /Black=0.04 (flawless) .  Mistake:       	White=1     	---        Inaccurate:     	---       	Black=1      OK:         	White=15    	Black=16     Best:        	---       	Black=1} 1/2-1/2

[Event "76th Montenegro Championship 2024"]
[Site "Podgorica"]
[Date "2024.02.08"]
[Round "3.18"]
[White "Zivkovic, Slaven"]
[Black "Pobor, Milo"]
[Result "0-1"]
[ECO "B48"]
[WhiteElo "1899"]
[BlackElo "2201"]
[Annotator "TA"]
[PlyCount "106"]
[EventDate "2024.02.06"]
[EventType "swiss"]
[EventCountry "MNE"]
[SourceTitle "playchess.com"]
[Source "ChessBase"]
[SourceQuality "1"]
[TimeControl "40/5400+30:1800+30"]

1. e4 c5 2. Nf3 e6 3. d4 cxd4 4. Nxd4 Nc6 5. Nc3 Qc7 6. Be3 Nf6 7. Qf3 h5 (7... a6 $14) 8. h4 (8. Ndb5 $16 Qb8 9. Qg3) 8... Ng4 $11 9. Ndb5 {[%emt 0:24:56] The position is equal.} Qb8 10. O-O-O Nxe3 11. Qxe3 (11. fxe3 Ne5 12. Qh3 a6 $11) 11... a6 12. Nd4 Bc5 13. Qg5 $1 Qe5 14. Qxe5 Nxe5 15. f3 {[%emt 0:06:04] Inhibits Ng4.} b5 16. Kb1 Bb7 17. Be2 Rc8 18. a3 Bb6 19. Na2 (19. a4 $11) 19... Ke7 {[%emt 0:02:15] Black keeps a firm grip on the game.} 20. Nc1 d5 21. exd5 Bxd5 22. Rhe1 ({White should play} 22. Nf5+ Kf6 (22... exf5 23. Rxd5 Rc5 24. Rd2 $11) 23. Ng3) 22... Rhd8 $36 {[%emt 0:00:39][%mdl 2048] Black is really pushing. Black is much more active.} 23. c3 ({Don't go for} 23. Bxb5 $2 axb5 (23... Nxf3 24. Nxf3 axb5 25. Nd3 $19) 24. Rxe5 Bxd4 25. Rxd4 Ba2+ 26. Kxa2 Rxd4 $19) 23... Kf6 24. Rf1 Rd7 25. g4 Rcd8 26. g5+ {[%emt 0:00:55] [#]} (26. gxh5 $17 Bb7 27. f4) 26... Ke7 $1 $19 27. f4 Ng4 28. Bxg4 hxg4 29. f5 {[%emt 0:00:05] White is weak on the light squares} (29. Rde1 {keeps fighting.}) 29... Be4+ {[%emt 0:00:14] This pair of bishops is nice.} 30. Ka1 Bxd4 31. cxd4 Bxf5 32. Ne2 g6 33. Rd2 Rh8 34. Rh1 Be4 35. Rh2 Bf3 36. Ng1 Bb7 37. Ne2 e5 38. b4 Bf3 39. Kb2 Ke6 40. Kc3 Rc8+ 41. Kb2 Rc4 42. h5 gxh5 43. Rxh5 Bxe2 44. Rxe2 Rcxd4 {[%emt 0:00:24][%mdl 4096] Endgame. KRR-KRR} 45. g6 {[%emt 0:00:06] [#] Threatens to win with g7.} Rd2+ 46. Rxd2 Rxd2+ {[%emt 0:00:04] KR-KR} 47. Kc3 fxg6 48. Rg5 Rf2 {[%emt 0:00:34] ...Kf6 would now be deadly.} 49. Rxg4 Kf5 50. Rg1 g5 51. a4 Rf3+ 52. Kd2 bxa4 {[%emt 0:00:09] ( -> ...g4)} 53. Ra1 a3 {[%emt 0:00:03] Weighted Error Value: White=0.79/Black=0.18 (very precise) .  Mistake:       	White=5     	Black=1      Inaccurate:     	White=2     	Black=1      OK:         	White=8     	Black=15     Best:        	White=1     	Black=1      Strong:       	White=1     	Black=1} 0-1

[Event "76th Montenegro Championship 2024"]
[Site "Podgorica"]
[Date "2024.02.09"]
[Round "4.1"]
[White "Smirnov, Artem"]
[Black "Kadric, Denis"]
[Result "1/2-1/2"]
[ECO "C41"]
[WhiteElo "2406"]
[BlackElo "2584"]
[Annotator "TA"]
[PlyCount "71"]
[EventDate "2024.02.06"]
[EventType "swiss"]
[EventCountry "MNE"]
[SourceTitle "playchess.com"]
[Source "ChessBase"]
[SourceQuality "1"]
[TimeControl "40/5400+30:1800+30"]

1. d4 d6 2. e4 Nf6 3. Nc3 e5 4. Nf3 Nbd7 5. Bc4 Be7 6. a4 O-O 7. O-O c6 8. h3 h6 9. Re1 Re8 10. a5 Qc7 11. Be3 exd4 12. Nxd4 {[%emt 0:01:45] White has an edge.} Bf8 13. Bf4 {[%emt 0:01:22] Wards off Re5} Rb8 14. Bg3 b5 15. axb6 axb6 16. b4 b5 17. Bb3 Ne5 18. f4 Ng6 19. Qf3 {[%emt 0:09:06][%cal Oe4e5] Threatens to win with e5!} Bd7 20. Rab1 (20. Kh1 {with more complications.} Qb6 21. Bf2 c5 22. bxc5 dxc5 23. Ndxb5 Bxb5 24. Nxb5 Qxb5 25. e5) 20... c5 (20... Qa7 $11) 21. bxc5 $14 dxc5 {[%emt 0:48:48] [#]} 22. Ndxb5 Bxb5 23. Nxb5 Rxb5 {[%emt 0:00:00] [#]} 24. Bxf7+ Kxf7 (24... Qxf7 25. Rxb5) 25. Rxb5 Qc6 {[%emt 0:00:00][%csl LRb5,LRe4] [#]} 26. f5 $1 Qxb5 $11 {[%emt 0:00:00] The position is equal.} 27. fxg6+ Kxg6 {[%emt 0:00:00] ...Kh7 is the strong threat.} 28. e5 Qc4 29. exf6 Rxe1+ 30. Bxe1 {[%emt 0:00:03] Bc3 would now be deadly.} Qxc2 {[%emt 0:00:00][%mdl 4096] Endgame. KQB-KQB} 31. Bc3 {[%emt 0:00:45] Hoping for Qg3+.} Qc1+ 32. Kf2 Qc2+ 33. Kf1 {[%emt 0:00:28] And now Qg3+ would win.} Qc1+ 34. Kf2 Qc2+ 35. Kf1 Qc1+ 36. Kf2 {[%emt 0:00:07] Weighted Error Value: White=0.07 (flawless) /Black=0.06 (flawless) .  Mistake:       	White=1     	Black=1      Inaccurate:     	White=1     	Black=2      OK:         	White=9     	Black=14     Best:        	White=2     	Black=2      Brilliant:      	White=1     	---} 1/2-1/2

[Event "76th Montenegro Championship 2024"]
[Site "Podgorica"]
[Date "2024.02.09"]
[Round "4.2"]
[White "Sukovic, Andrej"]
[Black "Djukic, Nikola"]
[Result "1/2-1/2"]
[ECO "A36"]
[WhiteElo "2339"]
[BlackElo "2529"]
[Annotator "TA"]
[PlyCount "35"]
[EventDate "2024.02.06"]
[EventType "swiss"]
[EventCountry "MNE"]
[SourceTitle "playchess.com"]
[Source "ChessBase"]
[SourceQuality "1"]
[TimeControl "40/5400+30:1800+30"]

1. c4 g6 2. g3 Bg7 3. Bg2 c5 4. Nc3 Nc6 5. d3 Nf6 6. e4 O-O 7. Nge2 d6 8. O-O Ne8 9. a3 Nc7 10. Rb1 a5 11. Be3 Ne6 12. Nb5 Ned4 13. a4 Bg4 14. f3 Bd7 15. h3 Nxe2+ 16. Qxe2 Nd4 17. Bxd4 Bxd4+ 18. Nxd4 {[%emt 0:58:26] Not much happened in this game.   Weighted Error Value: White=0.07 (flawless) /Black=0.03 (flawless) .  OK:         	White=2     	Black=3} 1/2-1/2

[Event "76th Montenegro Championship 2024"]
[Site "Podgorica"]
[Date "2024.02.09"]
[Round "4.3"]
[White "Petrov, Nikita"]
[Black "Nikcevic, Nebojsa"]
[Result "1-0"]
[ECO "D31"]
[WhiteElo "2563"]
[BlackElo "2338"]
[Annotator "TA"]
[PlyCount "55"]
[EventDate "2024.02.06"]
[EventType "swiss"]
[EventCountry "MNE"]
[SourceTitle "playchess.com"]
[Source "ChessBase"]
[SourceQuality "1"]
[TimeControl "40/5400+30:1800+30"]

1. d4 d5 2. c4 e6 3. Nc3 a6 4. cxd5 exd5 5. Nf3 h6 6. Bf4 Nf6 7. e3 Bd6 8. Be5 {[%emt 0:00:24] White has an edge.} Be6 9. Qb3 Ra7 10. Bxf6 (10. Bd3 $14 {deserves consideration.}) 10... Qxf6 $11 11. Nxd5 Qd8 12. e4 (12. Bc4 $1 $11 {was the only way to keep the balance.}) 12... c6 $17 13. Qb6 cxd5 14. Qxa7 dxe4 15. Nd2 Nc6 $2 (15... Qa5 $17 {and life is bright. ...0-0 would now be deadly.} 16. d5 (16. Qxb7 O-O $11) 16... Bxd5) 16. Qxb7 $16 Nxd4 17. Qxe4 Bb4 {[%emt 0:00:13] Threatens to win with ...Bxd2+.} 18. Bd3 {[%emt 0:00:00][%cal Oa1d1,Bf1d3,Bd3c4,Bc4e6,Be6g4][%mdl 32] Strongly threatening Rd1!} (18. Bxa6 O-O 19. O-O Bf5 $17 (19... Bxd2 20. Rad1 $17)) 18... f5 (18... Bxd2+ $16 19. Kxd2 f5) 19. Qe3 (19. Qf4 $1 $18 {and the rest is easy.}) 19... O-O 20. O-O $1 {[%emt 0:00:00][%cal Bh1f1,Bf1d1,Bd1e1,Be1e8][%mdl 32] Black must now prevent Nb3.} (20. Bxa6 $2 Nc2+ 21. Ke2 Nxe3 $19) 20... f4 {[%emt 0:00:11] [#]} 21. Qe5 {[%emt 0:00:00] Hoping for Rfd1.} ({Don't blunder} 21. Qe1 $2 f3 22. g3 (22. Bxa6 $2 {loses.} fxg2 23. Qe4 gxf1=Q+ 24. Bxf1 Qg5+ 25. Bg2 Qxd2 $19) 22... Bxd2 $19) 21... Bxd2 $4 {[%emt 0:07:41][%mdl 8192] [#] This costs Black the game.} (21... f3 $16 22. Nxf3 Rxf3) 22. Rfd1 $1 $18 Ba5 {[%emt 0:00:13] [#]} 23. Bc4 $1 Bb6 (23... Bxc4 24. Rxd4) 24. Bxe6+ Kh8 25. Bg4 Qh4 26. Qh5 Qe7 27. Re1 {[%emt 0:00:00] Wards off f3} Qb4 28. Re8 {[%emt 0:00:00] Weighted Error Value: White=0.26 (precise) /Black=0.44.  Loses game:     	---       	Black=1      Mistake:       	White=3     	Black=2      OK:         	White=14    	Black=5      Best:        	White=2     	Black=5      Strong:       	White=2     	---} 1-0

[Event "76th Montenegro Championship 2024"]
[Site "Podgorica"]
[Date "2024.02.09"]
[Round "4.4"]
[White "Draskovic, Luka"]
[Black "Drasko, Milan"]
[Result "1-0"]
[ECO "E00"]
[WhiteElo "2481"]
[BlackElo "2339"]
[Annotator "TA"]
[PlyCount "121"]
[EventDate "2024.02.06"]
[EventType "swiss"]
[EventCountry "MNE"]
[SourceTitle "playchess.com"]
[Source "ChessBase"]
[SourceQuality "1"]
[TimeControl "40/5400+30:1800+30"]

1. c4 e6 2. d4 Nf6 3. g3 Bb4+ 4. Bd2 Qe7 5. Bg2 Nc6 6. e3 e5 7. d5 {[%emt 0:01:57] E00: Catalan Bogo-Indian (3 g3 Bb4+).} Bxd2+ 8. Qxd2 Nb8 9. d6 $1 {[%emt 0:01:14][%mdl 4] is now more promising than 9.Nc3.} Qxd6 10. Qxd6 cxd6 11. Nc3 Na6 12. Nge2 Nc7 13. O-O-O Ke7 14. h3 h5 $146 ({Predecessor:} 14... Rb8 15. g4 b5 16. g5 Nfe8 17. cxb5 Nxb5 18. Nd5+ Kd8 19. f4 Bb7 20. Rhf1 Bxd5 21. Bxd5 {½-½ Antic,D (2455)-Kazakouski,V (2416) EU-Cup 32nd Novi Sad 2016 (5.1)}) 15. Rd2 Rb8 16. Rhd1 b5 17. cxb5 Nxb5 18. Nxb5 Rxb5 19. Rxd6 Bb7 (19... Rb6 {simplifies} 20. Rxb6 axb6 21. Kd2 d5) 20. Nc3 Rc8 21. Bxb7 Rxb7 22. f3 Ne8 23. R6d3 Rc6 24. Kb1 Rg6 25. g4 hxg4 26. hxg4 Rh6 27. Nd5+ Kd8 28. e4 Rh2 29. R3d2 Rh3 30. Rd3 Rh2 31. R1d2 Rh1+ 32. Kc2 Nc7 33. Nxc7 Rxc7+ 34. Kb3 Ke7 35. Ka4 Rhc1 36. b4 f6 37. Ka5 R1c4 38. a4 ({Better is} 38. b5 $16) 38... Rc1 (38... a6 $1 $14) 39. Ra2 R7c6 (39... a6 $16) 40. b5 $18 Rc7 $2 (40... Rb6 {was necessary.} 41. Rh2 Rb8) 41. Ka6 $18 Rb1 42. Raa3 Rbc1 43. a5 Kd8 44. b6 R1c6 45. Ra2 Re6 46. Rad2 axb6 47. axb6 Ke7 48. Rd5 Rec6 49. g5 Ke6 50. g6 Ke7 51. Rh2 Rc8 52. Rh7 (52. Ka7 $142) 52... Rg8 $2 (52... Rb8) 53. Ka7 $18 Rc3 54. b7 Rb3 55. Ka6 f5 56. Rxe5+ Kf6 57. Rxf5+ Kxg6 58. Rhh5 Rb8 59. Rhg5+ Kh6 {[%emt 0:00:10] [#]} 60. Rb5 $1 Rxb7 61. Kxb7 1-0

[Event "76th Montenegro Championship 2024"]
[Site "Podgorica"]
[Date "2024.02.09"]
[Round "4.5"]
[White "Pobor, Milo"]
[Black "Skvortsov, Andrei"]
[Result "0-1"]
[ECO "B43"]
[WhiteElo "2201"]
[BlackElo "2307"]
[Annotator "RC"]
[PlyCount "122"]
[EventDate "2024.02.06"]
[EventType "swiss"]
[EventCountry "MNE"]
[SourceTitle "playchess.com"]
[Source "ChessBase"]
[SourceQuality "1"]
[TimeControl "40/5400+30:1800+30"]

1. e4 c5 2. Nf3 a6 3. Nc3 b5 4. d4 cxd4 5. Nxd4 e6 6. Bd3 Bb7 7. O-O b4 8. Nb1 Qc7 9. Qe2 Nf6 10. Bg5 Bc5 11. Nf3 Nc6 12. Nbd2 h6 13. Bh4 Nh5 14. Nc4 g5 15. Bg3 Nxg3 16. hxg3 Qxg3 17. e5 Qf4 18. Qe4 Qxe4 19. Bxe4 g4 20. Nfd2 d5 21. exd6 g3 22. Kh1 gxf2 23. Nb3 Ba7 24. Rad1 Rd8 25. d7+ Ke7 26. Nd6 Ba8 27. Nc8+ Rxc8 28. dxc8=Q Rxc8 29. c3 bxc3 30. bxc3 Rg8 31. Bf3 Rg5 32. g4 f5 33. gxf5 Rxf5 34. Kg2 Rg5+ 35. Kh3 Bb7 36. Nc1 Rf5 37. Kg2 Rc5 38. Ne2 Rg5+ 39. Kh3 Re5 40. Ng3 Na5 41. Bxb7 Nxb7 42. Rd2 Nd6 43. Rfd1 Bc5 44. Kg4 Rg5+ 45. Kf3 Rxg3+ 46. Kxg3 f1=Q 47. Rxf1 Ne4+ 48. Kf4 Nxd2 49. Rh1 Nc4 50. Kf3 Ne5+ 51. Ke4 Nf7 52. Rh5 Nd6+ 53. Kd3 Nf5 54. Kc4 Kd6 55. Rh1 Kc6 56. Rh5 Be3 57. Rh1 Bg5 58. Rh3 e5 59. Kd3 Nd6 60. Rh1 e4+ 61. Kd4 e3 0-1

[Event "76th Montenegro Championship 2024"]
[Site "Podgorica"]
[Date "2024.02.09"]
[Round "4.6"]
[White "Miletic, Vuk"]
[Black "Podlesnik, Bogdan"]
[Result "1/2-1/2"]
[ECO "E29"]
[WhiteElo "2213"]
[BlackElo "2284"]
[Annotator "NA COMBH"]
[PlyCount "52"]
[EventDate "2024.02.06"]
[EventType "swiss"]
[EventCountry "MNE"]
[SourceTitle "playchess.com"]
[Source "ChessBase"]
[SourceQuality "1"]
[TimeControl "40/5400+30:1800+30"]

1. d4 e6 2. c4 Nf6 3. Nc3 Bb4 4. a3 Bxc3+ 5. bxc3 c5 6. f3 O-O 7. e4 Ne8 8. Bd3 Nc6 9. Ne2 b6 10. O-O Ba6 11. f4 f5 12. exf5 exf5 13. dxc5 bxc5 14. Ng3 g6 15. Be3 d6 16. Re1 Nf6 17. Bf2 Qa5 18. Bxf5 gxf5 19. Qxd6 Rac8 20. Qe6+ Kh8 21. Nxf5 Qxc3 22. Rac1 Qb2 23. Rb1 Qc3 24. Rbc1 Qb2 25. Rb1 Qc3 26. Rbc1 Qb2 1/2-1/2

[Event "76th Montenegro Championship 2024"]
[Site "Podgorica"]
[Date "2024.02.09"]
[Round "4.7"]
[White "Vukcevic, Nemanja"]
[Black "Milovic, Jovan"]
[Result "1-0"]
[ECO "B06"]
[WhiteElo "2275"]
[BlackElo "2223"]
[Annotator "NA RC"]
[PlyCount "63"]
[EventDate "2024.02.06"]
[EventType "swiss"]
[EventCountry "MNE"]
[SourceTitle "playchess.com"]
[Source "ChessBase"]
[SourceQuality "1"]
[TimeControl "40/5400+30:1800+30"]

1. e4 g6 2. d4 Bg7 3. Nf3 d6 4. Bc4 Nf6 5. Qe2 O-O 6. e5 dxe5 7. dxe5 Nd5 8. h3 Nc6 9. O-O Na5 10. Bd3 c5 11. Rd1 Qc7 12. Be4 e6 13. Na3 a6 14. c4 Nb4 15. Bf4 Bd7 16. Nc2 Nbc6 17. Rd6 Be8 18. Rad1 Rb8 19. Ne3 b5 20. cxb5 Rxb5 21. Ng4 Nd4 22. Nxd4 cxd4 23. Bd3 Rb4 24. Nf6+ Bxf6 25. exf6 Nc6 26. Bg3 Qa5 27. Qd2 Kh8 28. Rc1 Rc4 29. Qh6 Rxc1+ 30. Qxc1 Nb4 31. Qh6 Rg8 32. Rxd4 1-0

[Event "76th Montenegro Championship 2024"]
[Site "Podgorica"]
[Date "2024.02.09"]
[Round "4.8"]
[White "Krstonijevic, Stjepan"]
[Black "Zherebtsova, Alexandra"]
[Result "1/2-1/2"]
[ECO "D05"]
[WhiteElo "2108"]
[BlackElo "2270"]
[Annotator "NA"]
[PlyCount "65"]
[EventDate "2024.02.06"]
[EventType "swiss"]
[EventCountry "MNE"]
[SourceTitle "playchess.com"]
[Source "ChessBase"]
[SourceQuality "1"]
[TimeControl "40/5400+30:1800+30"]

1. Nf3 Nf6 2. d4 d5 3. e3 c5 4. c3 e6 5. Bd3 Be7 6. O-O O-O 7. Nbd2 Nbd7 8. Qe2 b6 9. e4 dxe4 10. Nxe4 Bb7 11. Bf4 cxd4 12. cxd4 Nxe4 13. Bxe4 Bxe4 14. Qxe4 Nf6 15. Qb7 Nd5 16. Bd2 Qc8 17. Qxc8 Rfxc8 18. Rfc1 Bd6 19. Kf1 Kf8 20. Ke2 Ke7 21. g3 f6 22. Kd3 Kd7 23. a4 a6 24. b3 g5 25. h3 Rab8 26. Rc4 h5 27. Rac1 g4 28. hxg4 hxg4 29. Rxc8 Rxc8 30. Rxc8 Kxc8 31. Ng1 f5 32. Ne2 Nf6 33. Be3 1/2-1/2

[Event "76th Montenegro Championship 2024"]
[Site "Podgorica"]
[Date "2024.02.09"]
[Round "4.9"]
[White "Musovic, Armin"]
[Black "Vujovic, Savo"]
[Result "0-1"]
[ECO "C47"]
[WhiteElo "2268"]
[BlackElo "2137"]
[Annotator "NA RC"]
[PlyCount "120"]
[EventDate "2024.02.06"]
[EventType "swiss"]
[EventCountry "MNE"]
[SourceTitle "playchess.com"]
[Source "ChessBase"]
[SourceQuality "1"]
[TimeControl "40/5400+30:1800+30"]

1. e4 e5 2. Nf3 Nc6 3. Nc3 Nf6 4. a3 d5 5. Bb5 Nxe4 6. Qe2 Qd6 7. Nxe4 dxe4 8. Qxe4 Bd7 9. d4 f5 10. Qe2 e4 11. Bxc6 Bxc6 12. Ne5 Be7 13. Bf4 O-O 14. Rd1 Qe6 15. c4 Ba4 16. Rb1 g5 17. Bc1 c5 18. b3 cxd4 19. bxa4 Qxe5 20. O-O f4 21. Rxb7 f3 22. gxf3 Rxf3 23. c5 Raf8 24. Qc4+ Kh8 25. Rxe7 Qxe7 26. Qxd4+ Kg8 27. Qd5+ R8f7 28. Bxg5 Qf8 29. Be3 R3f5 30. Qxe4 Rg7+ 31. Kh1 Re5 32. Qc4+ Kh8 33. Qe2 Qf5 34. f4 Qe4+ 35. Qf3 Qxe3 36. fxe5 Rg1+ 37. Rxg1 Qxf3+ 38. Rg2 Qd1+ 39. Rg1 Qd5+ 40. Rg2 Qxe5 41. Rg3 Qd5+ 42. Kg1 Qxc5+ 43. Kg2 Qc6+ 44. Kf2 Qxa4 45. Kg2 Qe4+ 46. Kf2 h5 47. h3 Kh7 48. Re3 Qd4 49. Kf3 Kg6 50. Re6+ Kf5 51. Re3 Qd2 52. Re7 Qd5+ 53. Ke2 Qg2+ 54. Kd3 Qxh3+ 55. Re3 Qf1+ 56. Kc3 h4 57. a4 h3 58. Kb4 Qf4+ 59. Ka5 Qxe3 60. Kb5 h2 0-1